 Dungeon Crawl Stone Soup version 0.26-b1-59-ge38874ec40 (webtiles) character file.

Game seed: 12387432032489494113

205525 teolandon225 the Warrior (level 18, -10/173 HPs)
             Began as a Minotaur Berserker on Jan 8, 2021.
             Was a High Priest of Trog.
             Killed by the raging water
             ... invoked by a water nymph
              (15 damage)
             ... on level 2 of the Shoals.
             The game lasted 01:58:37 (39146 turns).

teolandon225 the Warrior (Minotaur Berserker)      Turns: 39146, Time: 01:58:38

Health: -10/173    AC: 31    Str: 31    XL:     18   Next: 4%
Magic:  17/17      EV:  8    Int:  4    God:    Trog [*****.]
Gold:   2320       SH:  0    Dex: 12    Spells: 17/17 levels left

rFire    . . .     SeeInvis +   R - +3 demon whip (venom)
rCold    . . .     Faith    .   r - +3 kite shield
rNeg     . . .     Spirit   .   T - +0 plate armour
rPois    .         Reflect  +   w - +1 hat {SInv}
rElec    .         Harm     .   Z - scarf {shadows}
rCorr    +         Rampage  .   y - +2 pair of gloves {Str+3}
Will     ++...                  a - +2 pair of boots {Fly}
Stlth    ..........             i - amulet of reflection
HPRegen  0.38/turn              V - ring of Xuommie {Will+ rCorr}
MPRegen  0.15/turn              b - +4 ring of protection

@: about to teleport, petrifying (expiring), berserk cooldown, flying, slowed,
very slow
A: retaliatory headbutt, horns 2
}: 1/15 runes: serpentine
a: Stop Flying, Renounce Religion, Berserk, Trog's Hand, Brothers in Arms


You were on level 2 of the Shoals.
You worshipped Trog.
Trog was extremely pleased with you.
You visited 6 branches of the dungeon, and saw 30 of its levels.
You also visited: Gauntlet and Ice Cave.

You collected 3421 gold pieces.
You spent 1101 gold pieces at shops.

Inventory:

Hand Weapons
 O - the +7 flail "Hyaw" {protect, rC+}
   (You found it on level 1 of the Lair of Beasts)

   It grants its wielder temporary protection when it strikes (+7 to AC).
   It protects you from cold.
 R - a +3 demon whip of venom (weapon)
Missiles
 F - a throwing net
Armour
 a - a +2 pair of boots of flying (worn)
 r - a +3 kite shield (worn)
 w - a +1 hat of see invisible (worn)
 y - a +2 pair of gloves of strength (worn)
 E - the +2 ring mail of Tebatoce {rElec}
   (You found it on level 8 of the Dungeon)

   It insulates you from electricity.
 J - +2 ice dragon scales
 T - a +0 plate armour (worn)
 Z - a scarf of shadows (worn)
Jewellery
 b - a +4 ring of protection (right hand)
 i - an amulet of reflection (around neck)
 o - an uncursed ring of fire
 q - the ring "Ecze" {Ice Dex+3}
   (You found it on level 4 of the Dungeon)

   [ring of ice]

   It enhances your ice magic.
   It affects your dexterity (+3).
   It makes you vulnerable to fire.
   It protects you from cold.
 D - an uncursed ring of poison resistance
 P - the amulet "Kikif" {Reflect +Fly rPois Int+5 Slay-3 SH+5}
   (You found it on level 3 of the Lair of Beasts)

   [amulet of reflection]

   It shields you and reflects attacks.
   It affects your intelligence (+5).
   It affects your accuracy and damage with ranged weapons and melee attacks
   (-3).
   It protects you from poison.
   It lets you fly.
   It affects your SH (+5).
 Q - an uncursed ring of positive energy
 V - the ring of Xuommie (left hand) {Will+ rCorr}
   (You bought it in a shop on level 2 of the Orcish Mines)

   [ring of resist corrosion]

   It affects your willpower, your defense against some magical effects.
   It provides partial protection from all sources of acid and corrosion.
Wands
 v - a wand of paralysis (45)
 x - a wand of polymorph (15)
 B - a wand of digging (6)
 H - a wand of random effects (125)
 I - a wand of flame (65)
 M - a wand of acid (34)
 U - a wand of iceblast (21)
Scrolls
 c - 2 scrolls of identify
 f - 6 scrolls of enchant weapon
 g - 2 scrolls of magic mapping
 h - 4 scrolls of blinking
 j - 15 scrolls of remove curse
 k - 4 scrolls of enchant armour
 t - 5 scrolls of fear
 z - 3 scrolls of teleportation
 C - a scroll of silence
 G - 5 scrolls of fog
Potions
 d - a potion of heal wounds
 l - a potion of brilliance
 m - 3 potions of cancellation
 n - 2 potions of berserk rage
 p - 9 potions of curing
 s - 5 potions of might
 A - 11 potions of haste
 L - a potion of invisibility
 S - 2 potions of magic
 W - 3 potions of ambrosia


   Skills:
 * Level 18.4 Fighting
 - Level 10.7(14.0) Axes
 - Level 14.8(16.0) Maces & Flails
 * Level 18.3 Armour
 + Level 15.0 Dodging
 + Level 2.3 Stealth
 - Level 15.0 Shields


You had 17 spell levels left.
You didn't know any spells.
Your spell library was empty.

Dungeon Overview and Level Annotations

Branches:
Dungeon (15/15)            Temple (1/1) D:7            Lair (6/6) D:11
 Shoals (2/4) Lair:4        Snake (4/4) Lair:3        Slime (0/5) Lair:6
    Orc (2/2) D:9             Elf (0/3) Orc:2        Vaults (0/5) D:14
 Depths (0/5) D:15          IceCv (visited)         Gauntlet (visited)

Altars:
Ashenzari
Cheibriados
Dithmenos
Elyvilon
Gozag
Hepliaklqana
Makhleb
Nemelex Xobeh
Okawaru
Qazlal
Ru
Sif Muna
Uskayaw
Vehumet
Wu Jian
Xom
Yredelemnul
Zin
The Shining One
Beogh

Shops:
D:5 (   D:11 !   Orc:2 =(*[   Snake:2 =}=

Portals:
Trove: D:10 (give +2 shadow dragon scales)

Annotations:
D:7 exclusion: downstairs
D:8 exclusion: downstairs
D:11 exclusion: downstairs
D:12 exclusion: downstairs
Lair:3 exclusion: oklob plant
Lair:4 exclusion: 2 downstairs
Lair:5 exclusion: downstairs
Snake:1 Roxanne
Snake:4 Mara


Innate Abilities, Weirdness & Mutations

You reflexively headbutt those who attack you in melee.
You have a pair of horns on your head.


Message History

The death yak gores you but does no damage.
The water nymph flows with the water.
The death yak is engulfed in calcifying dust.
The death yak stops moving altogether!
You feel a strong urge to attack something.
You are no longer berserk.
You are exhausted.
You feel yourself slow down.
The death yak is engulfed in calcifying dust.
Your limbs are stiffening.
As you read the scroll of teleportation, it crumbles to dust.
You feel strangely unstable.
Your skin stops crawling.
You feel less strong-willed.
The water nymph points at you and mumbles some strange words.
The water rises up and strikes you!!!
* * * LOW HITPOINT WARNING * * *
The death yak is engulfed in calcifying dust.
The water nymph points at you and mumbles some strange words.
The water rises up and strikes you!!
You die...

≈≈≈≈≈≈≈≈≈≈≈≈≈≈≈≈≈≈≈..≈≈
≈≈≈≈≈≈≈≈≈≈≈≈≈≈≈≈≈≈....≈
≈≈≈≈≈≈≈≈≈≈≈≈≈≈≈≈≈≈.##..
≈≈≈≈≈≈≈≈≈≈≈≈≈≈≈≈≈≈.###.
≈≈≈≈≈≈≈≈≈≈≈≈≈≈≈≈≈≈...
≈≈≈≈≈≈≈≈≈≈≈≈≈≈≈≈≈....
≈≈≈≈≈≈≈≈≈≈≈≈≈≈≈≈..#..
≈≈≈≈≈≈≈≈≈≈≈≈≈≈≈..##
≈≈≈≈≈≈≈≈≈≈≈≈≈≈≈≈@#
≈≈≈≈≈≈≈≈≈≈≈≈≈≈≈†m##
≈≈≈≈≈≈≈≈≈≈≈≈≈≈≈≈§.#
≈≈≈≈≈≈≈≈≈≈≈..≈≈≈(Y....≈
≈≈≈≈≈≈≈≈≈≈...≈≈≈(.§....
≈≈≈≈≈≈≈≈≈≈........##...
≈≈≈≈≈≈≈≈ ..#......# #..
≈≈≈≈≈≈≈≈ ≈.......(# ..
≈≈≈≈≈≈≈≈ ≈........


You could see a death yak (petrified) and a water nymph.

Vanquished Creatures
  Gastronok (D:9)
  Polyphemus (Shoals:2)
  4 nagarajas (Snake:4)
  An orc warlord (Orc:1)
  A minotaur (Gauntlet)
  A merfolk impaler (Shoals:1)
  A fire dragon (Lair:6)
  A death ooze (Gauntlet)
  8 hydras
  2 boulder beetles
  15 naga warriors
  2 merfolk avatars
  A catoblepas (Shoals:2)
  8 anacondas
  5 centaur warriors
  An alligator snapping turtle (Shoals:2)
  A death scarab (Gauntlet)
  10 two-headed ogres
  A tengu warrior (D:14)
  Urug (D:11)
  2 ogre magi
  A dancing weapon (D:14)
  11 death yaks
  2 orc high priests (Orc:2)
  8 naga sharpshooters
  8 shock serpents
  9 skeletal warriors
  6 sea snakes
  2 salamander mystics
  4 wizards
  2 cherubim (D:14)
  3 unseen horrors
  3 naga ritualists
  A lindwurm (Lair:6)
  5 harpies (Shoals:1)
  Pikel (D:7)
  10 mana vipers
  2 orc sorcerers (Orc:2)
  7 ugly things
  5 orc knights
  5 deep elf magi
  12 salamanders
  2 cyclopes (D:15)
  4 manticores
  9 fauns
  A centaur zombie (D:13)
  16 elephants
  34 black mambas
  3 merfolk sirens
  8 guardian serpents
  2 ice statues (IceCv)
  28 naga magi
  A torpor snail (Lair:4)
  11 cane toads
  2 molten gargoyles (Lair:6)
  2 gargoyles
  A rime drake (Lair:5)
  A yaktaur (shapeshifter) (D:15)
  11 komodo dragons
  5 yaktaurs
  A freezing wraith (D:14)
  3 kobold demonologists (D:14)
  8 ice devils (IceCv)
  A tengu conjurer (D:14)
  3 merfolk (Shoals:1)
  10 trolls
  Prince Ribbit (D:5)
  Grinder (D:3)
  2 polar bears
  2 wind drakes
  12 slime creatures
  4 hornets
  3 blink frogs (Lair:3)
  3 dream sheep
  Sigmund (D:5)
  A centaur simulacrum (D:14)
  2 shadows
  8 wyverns
  A water elemental (Shoals:1)
  8 basilisks
  55 yaks
  A yak (shapeshifter) (D:15)
  A spectral komodo dragon (Gauntlet)
  3 chaos spawn (Gauntlet)
  A steam dragon (Lair:6)
  9 vampire mosquitoes
  A neqoxec (Gauntlet)
  5 wargs
  61 nagas
  A soldier ant (shapeshifter) (D:15)
  11 water moccasins
  A soldier ant (D:13)
  3 hell hounds (Lair:6)
  24 orc warriors
  4 ice beasts
  An eye of draining (D:14)
  18 ogres
  2 phantoms
  7 sky beasts
  3 black bears
  24 wolves
  2 boggarts
  17 centaurs
  6 big kobolds
  21 bullfrogs
  A water moccasin zombie (D:7)
  A water moccasin skeleton (D:11)
  A wyvern skeleton (D:14)
  6 scorpions
  9 killer bees
  5 wights
  7 electric eels
  7 crimson imps (D:9)
  2 howler monkeys
  5 lava snakes (Lair:6)
  2 bullfrog zombies
  9 orc priests
  11 hounds
  An iron imp (D:9)
  6 jellies
  3 bullfrog skeletons
  8 centaur skeletons
  A gnoll shaman (D:9)
  4 iguanas
  Jessica (D:2)
  4 hell rats
  Natasha (thrice) (D:3)
  21 orc wizards
  11 worker ants
  A killer bee zombie (D:8)
  A hound skeleton (D:8)
  A howler monkey zombie (D:11)
  17 gnolls
  6 adders
  A shadow imp (D:6)
  19 white imps
  8 ufetubi
  2 oozes
  2 adder skeletons
  An adder zombie (D:9)
  A worm (D:3)
  2 dart slugs
  6 leopard geckos
  55 orcs
  2 ball pythons
  5 bats
  6 giant cockroaches
  11 goblins
  3 hobgoblins
  16 jackals
  4 quokkas
  5 frilled lizards (D:1)
  A giant cockroach zombie (D:6)
  2 jackal skeletons (D:4)
  16 kobolds
  A leopard gecko skeleton (D:6)
  2 quokka skeletons
  6 rats
  A bush (Shoals:2)
  3 butterflies (Lair:4)
1009 creatures vanquished.

Vanquished Creatures (collateral kills)
  A nagaraja (Snake:4)
  Louise (Shoals:1)
  3 ogre magi
  A naga ritualist (Snake:3)
  An orc knight (Orc:2)
  3 deep elf magi
  A mana viper (Snake:1)
  A salamander (Snake:4)
  A guardian serpent (Snake:4)
  4 elephants (Lair:2)
  A black mamba (Snake:3)
  A naga mage (Snake:3)
  A molten gargoyle (Lair:6)
  A komodo dragon (Lair:6)
  A merfolk (Shoals:1)
  A tengu conjurer (D:14)
  A queen bee (shapeshifter) (D:15)
  A dream sheep (Lair:6)
  2 wyverns (Lair:6)
  A steam dragon (Lair:6)
  9 nagas
  A water moccasin (Lair:6)
  An ogre (D:14)
  2 orc warriors (Orc:2)
  2 boggarts
43 creatures vanquished.

Vanquished Creatures (others)
  A reaper (IceCv)
  A naga sharpshooter (Snake:2)
  A salamander (Snake:3)
  A boggart (D:15)
  2 white imps (IceCv)
  An ufetubus (IceCv)
  A kobold (D:10)
  A bush (Lair:5)
  25 fungi
  89 plants
  2 withered plants (Gauntlet)
125 creatures vanquished.

Grand Total: 1177 creatures vanquished

Notes
Turn   | Place    | Note
-------+----------+-------------------------------------------
     0 | D:1      | teolandon225 the Minotaur Berserker began the quest for the
                  | Orb.
     0 | D:1      | Reached XP level 1. HP: 19/19 MP: 0/0
   265 | D:1      | Reached XP level 2. HP: 20/27 MP: 1/1
   992 | D:2      | Reached XP level 3. HP: 13/33 MP: 2/2
  1336 | D:2      | Found a sacrificial altar of Ru.
  1340 | D:2      | Reached ** piety under Trog
  1376 | D:2      | Noticed Jessica
  1379 | D:2      | Killed Jessica
  1429 | D:2      | Noticed a scorpion
  1444 | D:2      | Killed a scorpion
  1445 | D:2      | Reached skill level 5 in Axes
  1445 | D:2      | Reached XP level 4. HP: 34/41 MP: 3/3
  1573 | D:2      | Found a hazy altar of Hepliaklqana.
  1789 | D:2      | Reached XP level 5. HP: 47/47 MP: 4/4
  1966 | D:3      | Noticed Natasha
  1979 | D:3      | Killed Natasha
  2060 | D:3      | Noticed Grinder
  2303 | D:3      | Killed Grinder
  2304 | D:3      | Reached skill level 5 in Fighting
  2304 | D:3      | Reached XP level 6. HP: 36/56 MP: 5/5
  2408 | D:3      | Found an opulent altar of Gozag.
  2586 | D:3      | Noticed Natasha
  2593 | D:3      | Killed Natasha
  2760 | D:3      | Noticed Natasha
  2766 | D:3      | Killed Natasha
  3107 | D:4      | Got a fine iron ring
  3369 | D:4      | Reached XP level 7. HP: 61/61 MP: 6/6
  3536 | D:4      | Reached *** piety under Trog
  3994 | D:5      | Entered Level 5 of the Dungeon
  4013 | D:5      | Noticed Prince Ribbit
  4018 | D:5      | Reached skill level 5 in Armour
  4025 | D:5      | Killed Prince Ribbit
  4281 | D:5      | Reached skill level 5 in Dodging
  4281 | D:5      | Reached XP level 8. HP: 23/70 MP: 7/7
  4769 | D:5      | Found Bow Kusm's Weapon Shoppe.
  5266 | D:5      | Noticed Sigmund
  5282 | D:5      | Killed Sigmund
  6026 | D:6      | Reached XP level 9. HP: 68/79 MP: 8/8
  6164 | D:6      | Reached **** piety under Trog
  6335 | D:6      | Reached skill level 10 in Axes
  6746 | D:7      | Found a staircase to the Ecumenical Temple.
  7009 | D:7      | Noticed Pikel
  7014 | D:7      | Killed Pikel
  7031 | D:7      | Found a sacrificial altar of Ru.
  7209 | D:5      | Bought a +4 morningstar of draining for 321 gold pieces
  7620 | D:8      | Noticed a two-headed ogre
  7623 | D:8      | Noticed a two-headed ogre
  7631 | D:7      | Killed a two-headed ogre
  7705 | D:8      | Reached XP level 10. HP: 90/90 MP: 9/9
  7778 | D:8      | Got a spiked ring mail
  8136 | D:8      | Killed a two-headed ogre
  8137 | D:8      | Reached skill level 5 in Maces & Flails
  8423 | D:7      | Identified the ring "Ecze" {Ice Dex+3} (You found it on
                  | level 4 of the Dungeon)
  8436 | D:7      | Identified the +2 ring mail of Tebatoce {rElec} (You found
                  | it on level 8 of the Dungeon)
  8601 | D:8      | Reached skill level 1 in Shields
  8821 | D:9      | Noticed Gastronok
  8837 | D:9      | Killed Gastronok
  9017 | D:9      | Found a staircase to the Orcish Mines.
  9242 | D:9      | Found a snail-covered altar of Cheibriados.
  9274 | D:8      | Reached XP level 11. HP: 97/97 MP: 10/10
  9513 | D:9      | Found a shimmering altar of Xom.
  9541 | D:9      | Reached ***** piety under Trog
  9624 | D:9      | Noticed a two-headed ogre
  9628 | D:9      | Killed a two-headed ogre
  9632 | D:9      | Found a hide-covered altar of Uskayaw.
  9639 | D:9      | Found a shimmering altar of Xom.
  9640 | D:9      | Found an iron altar of Okawaru.
  9640 | D:9      | Found a broken altar of Ashenzari.
  9644 | D:9      | Found a sparkling altar of Nemelex Xobeh.
  9851 | Temple   | Entered the Ecumenical Temple
 10024 | D:10     | Entered Level 10 of the Dungeon
 10031 | D:10     | Noticed a two-headed ogre
 10040 | D:10     | Killed a two-headed ogre
 10041 | D:10     | Reached skill level 5 in Shields
 10447 | D:10     | Killed an unseen horror
 10881 | D:10     | Reached skill level 10 in Fighting
 11258 | D:10     | Found a portal to a secret trove of treasure.
 11594 | D:11     | Noticed Urug
 11604 | D:11     | Killed Urug
 11963 | D:11     | Found Wavy's Distillery.
 12025 | D:11     | Reached skill level 10 in Armour
 12279 | D:11     | Found a staircase to the Lair.
 13009 | Lair:1   | Entered Level 1 of the Lair of Beasts
 13374 | Lair:1   | Noticed a four-headed hydra
 13383 | Lair:1   | Killed a four-headed hydra
 13384 | Lair:1   | Reached XP level 12. HP: 96/107 MP: 11/11
 13763 | Lair:1   | Got a smoking flail
 13763 | Lair:1   | Identified the +7 flail "Hyaw" {protect, rC+} (You found it
                  | on level 1 of the Lair of Beasts)
 13792 | Lair:2   | You fall into a shaft and drop 1 floor!
 13808 | Lair:3   | Found a staircase to the Snake Pit.
 13909 | Lair:3   | Noticed a seven-headed hydra
 13910 | Lair:3   | Got a bound graven amulet
 13932 | Lair:3   | Killed a seven-headed hydra
 13933 | Lair:3   | Reached skill level 10 in Maces & Flails
 14054 | Lair:2   | Identified the amulet "Kikif" {Reflect +Fly rPois Int+5
                  | Slay-3 SH+5} (You found it on level 3 of the Lair of
                  | Beasts)
 14381 | Lair:3   | Received a gift from Trog
 15261 | Lair:4   | Found a staircase to the Shoals.
 15706 | Lair:3   | Reached skill level 10 in Dodging
 15961 | Lair:4   | Reached skill level 10 in Shields
 16187 | Lair:4   | Noticed a five-headed hydra
 16196 | Lair:4   | Killed a five-headed hydra
 16219 | Lair:4   | Noticed a five-headed hydra
 16228 | Lair:4   | Killed a five-headed hydra
 16466 | Lair:4   | Reached XP level 13. HP: 116/116 MP: 12/12
 18030 | Lair:5   | Received a gift from Trog
 18683 | Lair:6   | Entered Level 6 of the Lair of Beasts
 18950 | Lair:6   | Reached XP level 14. HP: 127/127 MP: 13/13
 20484 | Lair:5   | Received a gift from Trog
 20747 | Lair:6   | Found a staircase to the Slime Pits.
 21191 | Lair:6   | Found a large runed translucent door.
 21192 | Lair:6   | Found a large runed translucent door.
 21670 | D:12     | Found a gate leading to a gauntlet.
 21675 | Gauntlet | Entered a Gauntlet
 21675 | Gauntlet | Found a transporter.
 21690 | Gauntlet | Found a transporter.
 21701 | Gauntlet | Found a transporter.
 21706 | Gauntlet | Found a transporter.
 21722 | Gauntlet | Found a transporter.
 21740 | Gauntlet | Found a transporter.
 21759 | Gauntlet | Found a transporter.
 21782 | Gauntlet | Found a transporter.
 21788 | Gauntlet | Found a transporter.
 21805 | Gauntlet | Found a transporter.
 21811 | Gauntlet | Found a transporter.
 21828 | Gauntlet | Found a transporter.
 21841 | Gauntlet | Found the macabre finger necklace {rN+}
 21857 | Gauntlet | Found a transporter.
 21875 | Gauntlet | Found a transporter.
 21883 | Gauntlet | Found a runed translucent gate.
 21883 | Gauntlet | Found a runed translucent gate.
 21883 | Gauntlet | Found a runed translucent gate.
 21884 | Gauntlet | Found a large runed translucent door.
 21884 | Gauntlet | Found a large runed translucent door.
 21885 | Gauntlet | Found a large runed translucent door.
 21886 | Gauntlet | Found a large runed translucent door.
 21887 | Gauntlet | Found a large runed translucent door.
 21887 | Gauntlet | Found a large runed translucent door.
 21887 | Gauntlet | Found a runed translucent door.
 21888 | Gauntlet | Found a large runed translucent door.
 21889 | Gauntlet | Found a large runed translucent door.
 21897 | Gauntlet | Found a runed translucent door.
 21898 | Gauntlet | Found a large runed translucent door.
 21898 | Gauntlet | Found a large runed translucent door.
 21898 | Gauntlet | Found a large runed translucent door.
 21898 | Gauntlet | Found a large runed translucent door.
 21899 | Gauntlet | Found a large runed translucent door.
 21900 | Gauntlet | Found a large runed translucent door.
 21900 | Gauntlet | Found a transporter.
 21902 | Gauntlet | Found a transporter.
 21924 | Gauntlet | Found a transporter.
 22101 | Gauntlet | Found a large runed translucent door.
 22343 | Gauntlet | Found a transporter.
 22356 | Gauntlet | Found a large runed translucent door.
 22712 | Gauntlet | Got a smouldering hat
 22717 | Gauntlet | Identified the cursed -7 hat of Gixikhext {Str+4} (You
                  | found it in a Gauntlet)
 22756 | Gauntlet | Identified the Grimoire of Conjuration and the Compass
 23483 | D:12     | Found the +12 glaive of Prune {vorpal}
 23747 | D:12     | Identified the +1 leather armour of the Flute {Dex+2
                  | Stlth+} (You found it on level 12 of the Dungeon)
 24252 | D:13     | Reached XP level 15. HP: 134/136 MP: 14/14
 24397 | D:13     | Paralysed by a hornet for 3 turns
 25116 | D:14     | Found a frozen archway.
 25152 | IceCv    | Entered an ice cave
 26129 | D:14     | Found a gate to the Vaults.
 26196 | D:14     | Found a transporter.
 26474 | D:14     | Reached skill level 15 in Shields
 26923 | D:14     | Found a radiant altar of Vehumet.
 27312 | D:14     | Identified the Reference Book on Noxious Fire
 27313 | D:14     | Found a transporter.
 27442 | D:15     | Entered Level 15 of the Dungeon
 27745 | D:15     | Found a staircase to the Depths.
 28335 | Snake:1  | Entered Level 1 of the Snake Pit
 28605 | Snake:1  | Reached XP level 16. HP: 144/147 MP: 15/15
 28751 | Snake:1  | Reached skill level 15 in Fighting
 28961 | Snake:1  | Reached skill level 15 in Armour
 29016 | Snake:1  | Received a gift from Trog
 29264 | Snake:1  | Noticed Roxanne
 29760 | Snake:2  | You are sucked into a shaft and drop 1 floor!
 30611 | Snake:3  | Received a gift from Trog
 31687 | Snake:4  | Entered Level 4 of the Snake Pit
 32616 | Snake:4  | Noticed Mara
 32620 | Snake:4  | Noticed teolandon225's illusion
 32818 | Snake:4  | Reached XP level 17. HP: 154/160 MP: 16/16
 33582 | Snake:4  | Noticed teolandon225's illusion
 34050 | Snake:4  | Noticed teolandon225's illusion
 34099 | Snake:4  | Noticed teolandon225's illusion
 35056 | Snake:4  | Got a serpentine rune of Zot
 35640 | Snake:2  | Found Vichuts's Jewellery Boutique.
 35640 | Snake:2  | Found Ysobum's Gadget Shoppe.
 35641 | Snake:2  | Found Valar's Jewellery Boutique.
 35766 | Shoals:1 | Entered Level 1 of the Shoals
 36302 | Shoals:1 | Noticed Louise
 36319 | Shoals:1 | Killed Louise
 36833 | Orc:1    | Entered Level 1 of the Orcish Mines
 37194 | Orc:1    | Found a roughly hewn altar of Beogh.
 37362 | Orc:2    | Entered Level 2 of the Orcish Mines
 37362 | Orc:2    | Found Ziuhi's Antique Armour Emporium.
 37388 | Orc:1    | Reached skill level 1 in Stealth
 37412 | Orc:1    | Received a gift from Trog
 37507 | Orc:2    | Found Luettae's General Store.
 37513 | Orc:2    | Bought a pitted cloak for 294 gold pieces
 37513 | Orc:2    | Identified the +2 cloak of Ampe {Int+3} (You bought it in a
                  | shop on level 2 of the Orcish Mines)
 37716 | Orc:2    | Found Leeschel's Antique Weapon Boutique.
 37733 | Orc:2    | Found a staircase to the Elven Halls.
 37991 | Orc:2    | Found Butol's Jewellery Shoppe.
 38031 | Orc:2    | Bought the ring of Xuommie {Will+ rCorr} for 456 gold
                  | pieces
 38051 | Orc:2    | Bought a scroll of identify for 30 gold pieces
 39112 | Shoals:2 | Noticed Polyphemus
 39125 | Shoals:2 | Reached XP level 18. HP: 159/173 MP: 17/17
 39139 | Shoals:2 | Killed Polyphemus
 39140 | Shoals:2 | Reached skill level 15 in Dodging
 39146 | Shoals:2 | HP: 5/173 [water nymph/the raging water (25)]
 39146 | Shoals:2 | Killed from afar by a water nymph

Illustrated notes

Levels and vault maps discovered:
D:1:      dpeg_arrival_round_c, layout_basic
D:2:      layout_basic, overflow_temple_1_default,
          nicolae_ru_sacrificial_ziggurat, uniq_jessica
D:3:      layout_loops_ring, lemuel_crystal_altar, hangedman_glass_teeth,
          uniq_natasha, uniq_grinder
D:4:      layout_gridville
D:5:      layout_basic, serial_shops, shop, kennysheep_windowed_goal,
          uniq_sigmund, uniq_prince_ribbit1
D:6:      layout_loops_ring, st_stairs_12
D:7:      layout_basic, lemuel_coloured_pillars_altar,
          minmay_temple_entry_arrows, uniq_pikel
D:8:      layout_cave_pools
D:9:      layout_roguey, minitemple, slow_altar_1, orc_0_dummy, basic_altar,
          minivault_26, minmay_nine_imps, uniq_gastronok
D:10:     layout_basic, enter_trove_6
D:11:     layout_irregular_city, erik_lair_island, serial_shops, shop_fountains,
          uniq_urug
D:12:     layout_roguey, gauntlet_entry_generic, minmay_guarded_unrand_prune
D:13:     layout_cave_pools
D:14:     gammafunk_sealed_library, layout_layer_cave,
          hangedman_vaults_entry_quadrant_bands, amcnicky_mini_pool_small,
          portal_ice_cave_entry_pillars_1, pf_eden
D:15:     gammafunk_enter_depths_forms, layout_cave_pools,
          minmay_tree_intersection
Temple:   oiseaux_autumnal_temple
Lair:1:   layout_chaotic_city, chequers_serial_rivers_micro_d
Lair:2:   layout_roguey
Lair:3:   layout_chaotic_city, guppyfry_snake_entry_garden,
          minmay_lair_oklob_chamber
Lair:4:   cheibrodos_lair_overgrown_chateau, layout_regular_city,
          minmay_shoals_entry_beasts, infiniplex_staircase_pool_2,
          serial_bayou_shore_b, lemuel_fruit_fields
Lair:5:   layout_cave_shapes
Lair:6:   cheibrodos_lair_end_hotspot, layout_concentric_octagons, slime_dummy
Shoals:1: layout_shoals, uniq_louise
Shoals:2: layout_shoals, yaktaur_hedge, uniq_nikola, uniq_polyphemus
Snake:1:  layout_grid_shapes, nrook_loot_triangle, uniq_roxanne
Snake:2:  layout_misc_corridors, minmay_shop_grove, serial_bayou_shore_a
Snake:3:  layout_cave_town, grunt_megastairs_4
Snake:4:  minmay_snake_end_coiled, layout_onion_interference,
          nrook_guardian_serpent_ordinary, grunt_megastairs_5, uniq_mara
Orc:1:    layout_caves, mines1_david
Orc:2:    grunt_orc_gardens, layout_caves, grunt_orc_garden, grunt_orc_garden,
          grunt_orc_garden, grunt_orc_garden, nicolae_orc_pool_cavern

Skill      XL: |  1  2  3  4  5  6  7  8  9 10 11 12 13 14 15 16 17 18 |
---------------+-------------------------------------------------------+-----
Axes           | 4 5 6 8 9 10 | 10.7
Fighting       | 4 5 6 7 8 9 10 11 12 13 14 16 18 | 18.4
Armour         | 3 4 5 6 8 9 10 11 12 13 14 16 18 | 18.3
Dodging        | 3 4 5 6 7 8 9 10 11 13 14 15 | 15.0
Maces & Flails | 3 7 9 11 13 14 | 14.8
Shields        | 4 7 10 12 13 15 | 15.0
Stealth        | 2 |  2.3

Action                   |  1- 3 |  4- 6 |  7- 9 | 10-12 | 13-15 | 16-18 || total
-------------------------+-------+-------+-------+-------+-------+-------++-------
Melee: Hand axe          |    63 |   101 |   214 |       |       |       ||   378
       Headbutt          |     7 |    16 |    66 |   133 |   435 |   410 ||  1067
       War axe           |       |       |    43 |       |       |       ||    43
       Morningstar       |       |       |    13 |   465 |       |       ||   478
       Demon whip        |       |       |       |   202 |  1175 |  1377 ||  2754
       Flail             |       |       |       |       |   301 |       ||   301
Invok: Berserk           |     1 |     6 |     8 |     9 |    23 |    22 ||    69
       Trog's Hand       |       |     1 |     2 |     1 |    15 |    16 ||    35
       Brothers in Arms  |       |       |     1 |     1 |    10 |    13 ||    25
  Use: Potion            |     2 |     1 |       |     2 |     4 |     4 ||    13
       Scroll            |       |     4 |     6 |    10 |    17 |    14 ||    51
 Stab: Distracted        |       |       |       |       |       |     2 ||     2
Armor: Robe              |     4 |       |       |       |       |       ||     4
       Animal skin       |     1 |       |       |       |       |       ||     1
       Skin              |     2 |       |       |       |       |       ||     2
       Chain mail        |     6 |    46 |    89 |    39 |       |       ||   180
       Ring mail         |       |       |       |    61 |       |       ||    61
       Plate armour      |       |       |       |    40 |   244 |   213 ||   497
       Ice dragon scales |       |       |       |       |     7 |       ||     7
Dodge: Dodged            |    40 |    32 |    70 |   249 |   346 |   386 ||  1123
Block: Kite shield       |       |       |    64 |   562 |  1014 |  1153 ||  2793
       Reflection        |       |       |       |    29 |    62 |   136 ||   227
